Map: Nightshade LE

Players

llllllllllll (Trap) - Winner!

  • Race: Protoss Protoss
  • League: Master
  • Spawn Location: 11:00

TYTY (TY)

  • Race: Terran Terran
  • League: Grandmaster
  • Spawn Location: 5:00

Event: Shopify TSL 5

VOD

Have the link to the VOD?

Description

Time

  • Played on: May 17, 2020, 9:27 a.m.
  • Length: 12:14

All games in this series

Show
View Real Time Build Order
Export as new Build Order

llllllllllll Protoss - Winner!

Build Orders: 1 Gate Expand, Archon Immortal, Blink Stalkers 

Get SALT Encoding   

  12  0:00  Probe  
  13  0:12  Probe  
  14  0:17  Pylon  
  14  0:24  Probe (Chrono Boost)  
  15  0:36  Probe (Chrono Boost), Gateway  
  16  0:44  Probe (Chrono Boost)  
  16  0:46  Assimilator  
  17  0:50  Probe  
  18  1:03  Probe  
  19  1:15  Probe  
  20  1:23  Cybernetics Core  
  20  1:32  Nexus  
  20  1:39  Pylon  
  20  1:42  Probe  
  21  1:49  Assimilator  
  21  1:54  Probe  
  21  1:56  Adept (Chrono Boost)  
  21  2:00  Warp Gate  
  24  2:06  Probe (Chrono Boost)  
  25  2:18  Probe (Chrono Boost)  
  25  2:21  Twilight Council  
  25  2:25  Probe (Chrono Boost)  
  25  2:28  Stalker  
  28  2:33  Probe  
  29  2:47  Probe (Chrono Boost)  
  29  2:49  Probe (Chrono Boost)  
  31  2:52  Blink (Chrono Boost)  
  31  2:56  Probe (Chrono Boost)  
  33  2:59  Probe (Chrono Boost)  
  33  3:01  Probe (Chrono Boost)  
  33  3:04  Stalker  
  36  3:09  Probe  
  37  3:13  Probe  
  37  3:16  Gateway  
  38  3:21  Probe  
  38  3:26  Probe, Robotics Facility  
  40  3:33  Probe  
  41  3:35  Pylon  
  41  3:38  Probe  
  42  3:45  Probe, Shield Battery  
  43  3:48  Sentry  
  43  3:50  Probe  
  46  4:00  Nexus  
  46  4:03  Probe x2  
  48  4:14  Pylon, Observer  
  49  4:17  Stalker x2  
  49  4:20  Probe  
  54  4:25  Pylon  
  54  4:32  Probe  
  54  4:33  Probe  
  56  4:40  Stalker x2, Gateway  
  56  4:44  Probe  
  61  4:46  Assimilator  
  61  4:47  Pylon  
  61  4:50  Immortal (Chrono Boost)  
  65  5:07  Stalker, Zealot  
  65  5:12  Pylon  
  65  5:13  Probe x3  
  72  5:15  Shield Battery  
  72  5:22  Immortal  
  72  5:26  Probe x3  
  67  5:36  Stalker x2  
  67  5:39  Probe x2  
  67  5:40  Probe  
  74  5:48  Stalker  
  73  5:51  Probe x2 (Chrono Boost), Observer  
  73  5:52  Probe (Chrono Boost)  
  73  5:55  Phoenix  
  74  6:03  Probe x2 (Chrono Boost)  
  77  6:04  Probe (Chrono Boost)  
  77  6:06  Forge  
  77  6:10  Probe x3 (Chrono Boost)  
  80  6:17  Assimilator  
  80  6:18  Probe x2 (Chrono Boost), Charge  
  80  6:21  Probe (Chrono Boost)  
  83  6:28  Pylon, Assimilator  
  83  6:30  Probe x2 (Chrono Boost)  
  86  6:34  Probe (Chrono Boost), Warp Prism  
  86  6:35  Probe (Chrono Boost)  
  86  6:36  Probe (Chrono Boost)  
  86  6:37  Protoss Ground Weapons Level 1 (Chrono Boost)  
  90  6:42  Probe  
  91  6:47  Assimilator  
  91  6:49  Probe x2  
  91  6:53  Templar Archives  
  91  6:54  Probe  
  92  7:02  Probe x2  
  92  7:06  Probe  
  93  7:09  Psionic Storm  
  93  7:12  Gateway  
  93  7:16  Gateway  
  93  7:17  Zealot x2, Gateway  
  93  7:18  Zealot  
  93  7:19  Gateway  
  93  7:22  Gateway  
  99  7:29  Pylon, Observer  
  99  7:32  Pylon  
  99  7:38  Gateway, High Templar x2  
  99  7:39  Gateway, High Templar  
  99  7:42  Pylon  
  105  7:45  Pylon  
  105  7:48  Immortal (Chrono Boost)  
  109  8:10  Pylon  
  108  8:14  High Templar x2  
  108  8:15  Zealot x2, High Templar x2  
  108  8:16  Zealot x2  
  108  8:18  Archon x2  
  124  8:23  Immortal (Chrono Boost)  
  124  8:24  Nexus  
  124  8:25  Photon Cannon  
  128  8:35  Zealot x2  
  122  8:44  Zealot x4  
  130  8:52  High Templar x2  
  134  8:56  Warp Prism (Chrono Boost)  
  128  9:05  Archon, Zealot x2  
  128  9:06  Zealot x4  
  111  9:18  Zealot x2  
  112  9:30  Pylon  
  112  9:31  High Templar x2  
  112  9:32  High Templar  
  112  9:38  Archon  
  112  9:45  Pylon  
  112  9:48  Stalker x2  
  116  9:53  Pylon  
  104  10:04  Zealot x5  
  104  10:05  Pylon  
  94  10:32  Archon  
  88  10:36  Zealot x4  
  88  10:42  Zealot  
  86  10:53  High Templar x2  
  86  10:54  High Templar x2  
  82  10:57  Archon  
  82  10:58  Archon  
  82  10:59  Zealot  
  82  11:00  Zealot  
  80  11:23  Zealot x5  
  80  11:24  Zealot  
  86  11:29  High Templar x2  
  86  11:30  Zealot  
  92  11:37  Archon  
  72  11:58  Stalker x4, Zealot x2  
Show
View Real Time Build Order
Export as new Build Order

TYTY Terran 

Build Orders: Liberator Opening 

Get SALT Encoding   

  12  0:00  SCV  
  13  0:12  SCV  
  14  0:17  Supply Depot  
  14  0:25  SCV  
  15  0:39  SCV  
  15  0:41  Barracks  
  16  0:43  Refinery  
  16  0:51  SCV  
  17  1:03  SCV  
  18  1:15  SCV  
  19  1:29  Marine  
  19  1:30  Orbital Command  
  20  1:44  Command Center  
  20  1:47  Barracks Reactor  
  20  1:56  SCV  
  20  1:59  Supply Depot  
  21  2:05  Factory  
  21  2:10  SCV  
  22  2:22  SCV  
  23  2:24  Marine x2  
  23  2:29  Refinery  
  25  2:34  SCV  
  26  2:41  Marine  
  26  2:42  Marine  
  28  2:46  SCV  
  28  2:50  Starport  
  28  2:51  Widow Mine  
  30  2:58  SCV  
  30  2:59  Marine  
  30  3:03  Orbital Command  
  32  3:06  Marine  
  32  3:12  Widow Mine  
  35  3:17  SCV  
  35  3:19  Marine  
  37  3:24  Marine  
  38  3:27  Medivac  
  38  3:29  SCV x2  
  38  3:33  Supply Depot  
  42  3:36  Factory Tech Lab  
  43  3:41  SCV x2  
  43  3:44  Marine  
  45  3:52  Supply Depot  
  45  3:53  SCV  
  45  3:55  SCV  
  48  3:57  Siege Tank  
  48  3:59  Marine  
  51  4:03  Marine  
  51  4:05  SCV  
  51  4:07  SCV  
  51  4:08  Supply Depot  
  54  4:14  Liberator  
  54  4:16  Supply Depot  
  57  4:19  Marine  
  57  4:21  Marine  
  57  4:23  SCV x2  
  61  4:33  Siege Tank  
  61  4:35  SCV  
  61  4:36  SCV, Supply Depot  
  61  4:37  Marine  
  67  4:39  Marine  
  68  4:47  SCV  
  68  4:48  SCV  
  70  4:55  Marine  
  70  4:57  Marine  
  72  5:01  SCV, Command Center  
  72  5:02  SCV  
  74  5:12  Raven  
  74  5:13  Marine  
  74  5:14  SCV, Marine  
  78  5:16  Factory Tech Lab  
  78  5:20  SCV  
  79  5:26  SCV  
  78  5:31  Marine  
  78  5:32  SCV, Refinery, Marine  
  77  5:37  Barracks  
  77  5:38  SCV, Barracks  
  80  5:44  SCV  
  80  5:49  Marine  
  82  5:50  SCV, Marine  
  82  5:53  Refinery  
  82  5:56  SCV  
  82  6:00  Barracks  
  82  6:01  Barracks  
  82  6:02  SCV  
  80  6:07  Engineering Bay  
  80  6:08  Marine  
  80  6:09  Factory Reactor, Marine, Starport Tech Lab  
  80  6:11  Engineering Bay  
  82  6:12  Supply Depot  
  82  6:15  Orbital Command  
  84  6:29  Marine x2  
  84  6:33  Stimpack  
  84  6:34  Marauder  
  84  6:35  Marauder  
  87  6:40  Starport Reactor  
  87  6:47  Marine x2  
  87  6:48  Terran Infantry Weapons Level 1, Terran Infantry Armor Level 1  
  87  6:49  Supply Depot  
  87  6:53  Supply Depot  
  89  6:56  Marauder x2  
  89  7:01  Marine x2  
  91  7:03  Orbital Command  
  91  7:05  Marauder  
  91  7:07  SCV x2  
  95  7:12  Supply Depot x2, Missile Turret, Marine x2  
  95  7:13  Combat Shield  
  97  7:17  Marauder x2  
  97  7:19  SCV x2, Medivac  
  97  7:22  Marine x2  
  105  7:25  Medivac  
  105  7:26  Marauder  
  112  7:31  SCV  
  112  7:32  SCV  
  112  7:36  Marine x2  
  115  7:37  Missile Turret  
  115  7:38  SCV  
  115  7:41  Marauder  
  115  7:42  Marauder  
  115  7:43  Marine  
  115  7:44  Marine  
  121  7:47  SCV  
  121  7:49  Marauder  
  125  7:54  Marine  
  125  7:56  Medivac x2  
  130  8:00  SCV x2  
  130  8:02  Marine x3  
  135  8:06  Supply Depot  
  135  8:11  Marine x3  
  135  8:12  Marine, Ghost Academy  
  139  8:13  Concussive Shells, Armory  
  139  8:15  SCV, Missile Turret  
  139  8:17  SCV  
  141  8:21  Supply Depot, Refinery  
  141  8:25  Supply Depot  
  141  8:27  SCV, Marine x2  
  141  8:29  Medivac x2  
  148  8:36  SCV x2  
  149  8:43  SCV, Marine x2  
  149  8:46  Supply Depot  
  149  8:47  Supply Depot  
  152  9:01  Marine x2  
  142  9:03  Medivac x2  
  142  9:08  SCV x2  
  143  9:12  Marine x3  
  142  9:19  Marine x2  
  142  9:22  Terran Infantry Weapons Level 2  
  142  9:23  Command Center  
  141  9:29  Unknown x2, Marine x2  
  141  9:30  Marine  
  144  9:33  Medivac  
  141  9:38  Marine x2  
  141  9:42  Medivac  
  143  9:55  Marine x2  
  143  9:58  Marine x2  
  143  10:02  SCV x2  
  143  10:03  Medivac, Barracks x2  
  143  10:04  Barracks  
  145  10:09  Marine x3  
  145  10:13  Marine x2  
  149  10:14  SCV x2  
  149  10:15  SCV  
  150  10:22  Marine x2  
  150  10:27  Marauder x2  
  150  10:28  Marine  
  147  10:30  Marine x2  
  129  10:37  Viking x2  
  129  10:40  Marine x2  
  111  10:45  Marine  
  111  10:48  Marine x3  
  110  10:54  Marine x4  
  104  10:58  Marine x2  
  104  11:03  Marine  
  94  11:08  Marine  
  91  11:12  Marine  
  91  11:15  Viking  
  91  11:16  Viking  
  79  11:19  Marine x2  
  79  11:23  SCV  
  64  11:30  Marine x2  
  64  11:31  Marine  
  65  11:35  Unknown x2  
  65  11:42  Marine x2  
  64  11:51  Marine  
  55  11:54  Marine  
Tags
 
Add a new tag
Caveats
  • Supply blocks, unpowered buildings, or Contaminate may cause inaccurate times.
  • Supply counts are checked every 10 seconds.